 Dungeon Crawl Stone Soup version 0.30-a0-718-geaa24f58ff (webtiles) character file.

Game seed: 969887170988102261

13290 IdlyInterested the Carver (level 11, -2/88 HPs)
             Began as a Demonspawn Gladiator on Jan 25, 2023.
             Slain by an ice devil (6 damage)
             ... in an ice cave.
             The game lasted 00:36:52 (10818 turns).

IdlyInterested the Carver (Demonspawn Gladiator)   Turns: 10818, Time: 00:36:53

Health: -2/88      AC: 19    Str: 14    XL:     11   Next: 73%
Magic:  11/11      EV: 16    Int: 11    God:
Gold:   64         SH:  9    Dex: 21    Spells: 10/10 levels left

rFire   + . .      SeeInvis .    P - +5 scimitar (freeze)
rCold   + . .      Faith    .    F - +0 kite shield {AC+3}
rNeg    . . .      Spirit   .    e - +1 robe {rC+ rF+}
rPois   .          Reflect  .    c - +2 helmet
rElec   .          Harm     .    (no cloak)
rCorr   .          Rampage  .    w - +1 pair of gloves "Sehe" {Dex+3}
Will    +....                    y - +2 pair of boots
Stlth   +++                      I - amulet of the acrobat
HPRegen 1.34/turn                n - +4 ring of protection
MPRegen 0.12/turn                S - ring of willpower

@: no status effects
A: rugged brown scales 1, demonic guardian 2, powered by death 2, weakness
stinger 1
a: no special abilities


You were in an ice cave.
You visited 2 branches of the dungeon, and saw 12 of its levels.
You also visited: Ice Cave.

You collected 542 gold pieces.
You spent 478 gold pieces at shops.

Inventory:

Hand Weapons
 f - a +0 great sword
 q - a +4 short sword of electrocution
 B - a +4 short sword of venom
 M - a +3 scimitar
 P - a +5 scimitar of freezing (weapon)
 R - a +0 antimagic short sword
 V - the +9 quarterstaff of Propriety {heavy, *Rage rElec Will+ Str+8}
   (You found it on level 9 of the Dungeon)

   Str:       It affects your strength (+8).
   rElec:     It insulates you from electricity.
   *Rage:     It berserks you when you make melee attacks (+20% chance).
   Will:      It increases your willpower.
Missiles
 d - 4 throwing nets
 o - 17 poisoned darts (quivered)
 p - 6 curare-tipped darts
 r - a silver boomerang
 s - 70 stones
 C - a boomerang
 G - a javelin
Armour
 c - a +2 helmet (worn)
 e - a +1 robe of resistance (worn)
 w - the +1 pair of gloves "Sehe" (worn) {Dex+3}
   (You found it on level 3 of the Dungeon)

   Dex:       It affects your dexterity (+3).
 y - a +2 pair of boots (worn)
 F - a +0 kite shield of protection (worn)
 H - a +1 chain mail of poison resistance
 X - a +2 chain mail of fire resistance
Jewellery
 n - a +4 ring of protection (left hand)
 I - an amulet of the acrobat (around neck)
 S - a ring of willpower (right hand)
Wands
 m - a wand of charming (2)
 v - a wand of mindburst (16)
 z - a wand of light (8)
 A - a wand of roots (19)
 J - a wand of flame (12)
Scrolls
 a - 2 scrolls of fear
 g - a scroll of magic mapping
 x - a scroll of amnesia
 N - a scroll of fog
 Q - 4 scrolls of teleportation
Potions
 h - a potion of haste
 j - 3 potions of curing
 k - a potion of attraction
 l - 2 potions of brilliance
 t - 2 potions of might
 u - 2 potions of invisibility
 D - 2 potions of magic
 L - a potion of cancellation
 O - 2 potions of mutation


   Skills:
 - Level 8.0 Fighting
 - Level 8.5(10.5) Short Blades
 * Level 9.7(11.1) Long Blades
 - Level 4.0 Throwing
 - Level 2.0 Armour
 - Level 8.0 Dodging
 - Level 4.0 Stealth
 * Level 1.6 Shields
 - Level 1.4 Necromancy
 - Level 2.0 Evocations


You had 10 spell levels left.
You didn't know any spells.
Your spell library contained the following spells:

 Spells                   Type           Power      Damage    Failure   Level
 Necrotise                Necr           12%        1d4       54%         1
 Apportation              Tloc           0%         N/A       75%         1
 Foxfire                  Conj/Fire      0%         2x1d4     75%         1
 Freeze                   Ice            0%         1d3       75%         1
 Magic Dart               Conj           0%         1d3       75%         1
 Summon Small Mammal      Summ           0%         N/A       75%         1
 Call Imp                 Summ           0%         N/A       87%         2
 Lesser Beckoning         Tloc           0%         N/A       87%         2
 Frozen Ramparts          Ice            0%         1d1       98%         3
 Gell's Gravitas          Tloc           0%         N/A       98%         3
 Hailstorm                Conj/Ice       0%         3d3       98%         3
 Mephitic Cloud           Conj/Pois/Air  0%         N/A       98%         3
 Teleport Other           Tloc           0%         N/A       98%         3
 Passage of Golubria      Tloc           0%         N/A       100%        4
 Fireball                 Conj/Fire      0%         3d3       100%        5
 Silence                  Hex/Air        0%         N/A       100%        5
 Starburst                Conj/Fire      0%         6d3       100%        6
 Lehudib's Crystal Spear  Conj/Erth      0%         10d2      100%        8


Dungeon Overview and Level Annotations

Branches:
Dungeon (11/15)            Temple (1/1) D:4            Lair (0/5) D:11
    Orc (0/2) D:11          IceCv (1/1)

Altars:
Ashenzari
Cheibriados
Dithmenos
Fedhas
Gozag
Hepliaklqana
Kikubaaqudgha
Makhleb
Nemelex Xobeh
Okawaru
Qazlal
Ru
Sif Muna
Trog
Uskayaw
Vehumet
Wu Jian
Xom
Yredelemnul

Shops:
D:6 [   D:10 *

Annotations:
D:9 exclusion: ice statue


Innate Abilities, Weirdness & Mutations

You are partially covered in rugged brown scales. (AC +1, +3% HP)
A demonic guardian rushes to your aid.
You regenerate health from kills.
You have a small tail.


Message History

The two-headed ogre simulacrum freezes you!
You resist.
* * * LOW HITPOINT WARNING * * *
The two-headed ogre simulacrum hits you but does no damage.
The ice devil hits you but does no damage.
Your orange demon stings the death yak simulacrum!
Your orange demon hits the death yak simulacrum but does no damage.
You barely miss the ice devil.
Your tail-slap misses the ice devil.
The death yak simulacrum barely misses your orange demon.
The polar bear simulacrum misses you.
The polar bear simulacrum closely misses you. x2
The ice devil hits you but does no damage.
You slash the polar bear simulacrum!
The polar bear simulacrum is severely damaged.
You feel less invigorated.
You feel less confused.
Your orange demon stings the death yak simulacrum.
Your orange demon hits the death yak simulacrum.
The death yak simulacrum vaporises!
You block the two-headed ogre simulacrum's attack.
The two-headed ogre simulacrum closely misses you.
The polar bear simulacrum misses you.
You block the polar bear simulacrum's attack.
The polar bear simulacrum closely misses you.
The ice devil hits you!
* * * LOW HITPOINT WARNING * * *
The ice devil freezes you! You resist.
* * * LOW HITPOINT WARNING * * *
Unknown command.
You barely miss the ice devil.
You block the polar bear simulacrum's attack.
The polar bear simulacrum barely misses you.
The polar bear simulacrum misses you. The ice devil barely misses you.
Your orange demon stings the two-headed ogre simulacrum!
Your orange demon hits the two-headed ogre simulacrum.
The two-headed ogre simulacrum looks weaker.
You slice the two-headed ogre simulacrum!!
The two-headed ogre simulacrum vaporises!
The ice devil hits you.
You die...

#### ....## ......#
....... ....... ####
.......########..##
........##@.##....##
.........Z4☼°......#
.⌠..........4..∩∩..#
..........##.......#
........######....##
.......## ##..##
....... #### .......
......#


You could see an ice devil, a polar bear simulacrum (ally target) and a friendly
orange demon (summoned).

Vanquished Creatures
  Harold (D:9)
  A two-headed ogre (D:9)
  A death yak (D:11)
  Pikel (D:9)
  An ugly thing (D:11)
  Joseph (D:7)
  A gargoyle (D:10)
  An ice devil (IceCv)
  3 trolls
  Prince Ribbit (D:9)
  2 vampires
  3 yaks
  Eustachio (D:5)
  A wyvern (D:10)
  A steam dragon (D:8)
  An acid dragon (D:11)
  2 water moccasins
  11 ice beasts
  2 orc warriors (D:10)
  An ogre (D:5)
  A sky beast (D:7)
  A centaur (D:9)
  3 kobold brigands
  2 scorpions (D:6)
  A necrophage (D:7)
  2 gnoll sergeants
  3 bullfrogs
  A two-headed ogre simulacrum (IceCv)
  15 wights
  15 killer bees
  6 electric eels (D:9)
  3 howler monkeys (D:9)
  A jelly (D:5)
  4 hounds
  3 gnoll boudas
  4 orc priests
  An iguana (D:5)
  9 orc wizards
  A troll simulacrum (D:11)
  16 gnolls
  12 adders
  2 naga simulacra
  A white imp (D:7)
  An ufetubus (IceCv)
  2 worms
  3 dart slugs
  31 orcs
  10 ball pythons
  6 bats
  9 endoplasms
  6 giant cockroaches
  3 hobgoblins
  13 jackals
  A quokka (D:2)
  3 frilled lizards
  7 goblins
  20 kobolds
259 creatures vanquished.

Vanquished Creatures (collateral kills)
  2 death yaks (D:11)
  8 yaks
  A death yak simulacrum (IceCv)
  2 wights (D:9)
  2 killer bees (D:10)
  An orc wizard (D:9)
  A gnoll (D:7)
17 creatures vanquished.

Vanquished Creatures (others)
  17 fungi (D:5)
  4 plants (D:1)
21 creatures vanquished.

Grand Total: 297 creatures vanquished

Notes
Turn   | Place    | Note
-------+----------+-------------------------------------------
     0 | D:1      | IdlyInterested the Demonspawn Gladiator began the quest for
                  | the Orb.
     0 | D:1      | Reached XP level 1. HP: 16/16 MP: 1/1
    92 | D:1      | Reached skill level 3 in Long Blades
    96 | D:1      | Gained mutation: You have a small tail. [demonic ancestry]
    96 | D:1      | Reached XP level 2. HP: 18/22 MP: 2/2
   253 | D:1      | Reached skill level 1 in Stealth
  1099 | D:1      | Gained mutation: A weak demonic guardian rushes to your
                  | aid. [demonic ancestry]
  1099 | D:1      | Reached XP level 3. HP: 22/27 MP: 3/3
  2054 | D:3      | Reached XP level 4. HP: 33/33 MP: 4/4
  2291 | D:3      | Reached skill level 1 in Armour
  2442 | D:3      | Reached skill level 4 in Long Blades
  2456 | D:3      | Identified the +1 pair of gloves "Sehe" {Dex+3}
  2869 | D:4      | Gained mutation: You are partially covered in rugged brown
                  | scales. (AC +1, +3% HP) [demonic ancestry]
  2869 | D:4      | Reached XP level 5. HP: 33/39 MP: 5/5
  3256 | D:4      | Reached skill level 1 in Evocations
  3312 | D:4      | Found an ancient bone altar of Kikubaaqudgha.
  3402 | D:4      | Found a staircase to the Ecumenical Temple.
  3407 | Temple   | Entered the Ecumenical Temple
  3721 | D:5      | Entered Level 5 of the Dungeon
  3721 | D:5      | Noticed an ogre
  3733 | D:5      | Killed an ogre
  3734 | D:5      | Reached skill level 5 in Long Blades
  3734 | D:5      | Reached XP level 6. HP: 27/45 MP: 6/6
  4012 | D:5      | You fall into a shaft and drop 1 floor!
  4136 | D:5      | Noticed Eustachio
  4152 | D:5      | Killed Eustachio
  4153 | D:5      | Gained mutation: You regenerate a little health from kills.
                  | [demonic ancestry]
  4153 | D:5      | Reached XP level 7. HP: 24/51 MP: 7/7
  4342 | D:5      | Reached skill level 6 in Long Blades
  4956 | D:6      | Found Doifaun's Armour Boutique.
  5113 | D:6      | Found an iron altar of Okawaru.
  5509 | D:6      | Noticed a vampire
  5552 | D:6      | Killed a vampire
  5553 | D:6      | Reached skill level 7 in Long Blades
  5553 | D:6      | Reached XP level 8. HP: 21/61 MP: 8/8
  6362 | D:7      | Reached skill level 5 in Dodging
  6571 | D:7      | Reached skill level 8 in Long Blades
  6626 | D:7      | Noticed Joseph
  6642 | D:7      | Killed Joseph
  6643 | D:7      | Reached skill level 1 in Short Blades
  6643 | D:7      | Reached skill level 1 in Necromancy
  6643 | D:7      | Reached XP level 9. HP: 41/66 MP: 9/9
  6768 | D:7      | Found a burning altar of Makhleb.
  6772 | D:7      | Noticed an angel
  6773 | D:7      | Noticed a blizzard demon
  7352 | D:8      | Found a radiant altar of Vehumet.
  7670 | D:8      | Reached skill level 5 in Short Blades
  7803 | D:8      | Noticed a troll
  7807 | D:8      | Killed a troll
  8079 | D:9      | Gained mutation: A demonic guardian rushes to your aid.
                  | [demonic ancestry]
  8079 | D:9      | Reached XP level 10. HP: 31/73 MP: 10/10
  8244 | D:9      | Noticed Prince Ribbit
  8254 | D:9      | Killed Prince Ribbit
  8287 | D:9      | Reached skill level 5 in Fighting
  8364 | D:9      | Noticed Pikel
  8388 | D:9      | Killed Pikel
  8904 | D:9      | Identified the +9 quarterstaff of Propriety {heavy, *Rage
                  | rElec Will+ Str+8}
  8994 | D:9      | Noticed Harold
  9012 | D:9      | Killed Harold
  9135 | D:9      | Noticed a two-headed ogre
  9143 | D:9      | Killed a two-headed ogre
  9263 | D:9      | Gained mutation: You regenerate health from kills. [demonic
                  | ancestry]
  9263 | D:9      | Reached XP level 11. HP: 85/87 MP: 11/11
  9611 | D:10     | Entered Level 10 of the Dungeon
 10380 | D:10     | Found Gataugah's Assorted Antiques.
 10383 | D:10     | Bought a scroll labelled ZOOKURR NYRUT for 29 gold pieces
 10383 | D:10     | Bought a scroll labelled HAPTITROPT for 29 gold pieces
 10570 | D:10     | Bought a runed kite shield for 217 gold pieces
 10570 | D:10     | Bought a runed ring mail for 203 gold pieces
 10648 | D:11     | Noticed a red ugly thing
 10649 | D:11     | Noticed a death yak
 10654 | D:11     | Killed a red ugly thing
 10655 | D:11     | Noticed a death yak
 10658 | D:11     | Killed a death yak
 10661 | D:11     | Noticed a death yak
 10666 | D:11     | Killed a death yak
 10667 | D:11     | Reached skill level 9 in Long Blades
 10669 | D:11     | Killed a death yak
 10681 | D:11     | Found a staircase to the Lair.
 10752 | D:11     | Reached skill level 1 in Shields
 10755 | D:11     | Found a frozen archway.
 10764 | IceCv    | Entered an ice cave
 10816 | IceCv    | HP: 1/88 [ice devil (7)]
 10818 | IceCv    | Slain by an ice devil

Illustrated notes

Levels and vault maps discovered:
D:1:      denvon_arrival_planthouse, layout_basic, serial_bayou,
          serial_bayou_shore_b, serial_bayou_pond_b, serial_bayou_lagoon_a,
          serial_bayou_ford_a, serial_bayou_pond_a, minmay_pentomino_x2
D:2:      layout_rooms, minmay_indecisive_spiral
D:3:      layout_loops_ring, minmay_increasing_density
D:4:      layout_loops_ring, kiku_gazebo_garden_becter,
          minmay_temple_entry_nine_rooms
D:5:      layout_loops_ring, grunt_ministairs_6, dreamdust_mushroom_princess,
          uniq_eustachio
D:6:      layout_basic, kennysheep_okawaru_gauntlet, serial_shops,
          nicolae_shop_advertising_works [nicolae_subvault_shop_adworks]
D:7:      layout_basic, grunt_temple_overflow_order_and_chaos_2, uniq_joseph
D:8:      layout_gridville, nicolae_vehumet_radiance
D:9:      minmay_twisted_water, layout_basic, hangedman_minor_gate_pass,
          uniq_pikel, uniq_harold, uniq_prince_ribbit1
D:10:     layout_irregular_city, serial_shops, nicolae_shop_behind_doors
D:11:     layout_irregular_city, dpeg_lair_monsters, orc_0_dummy,
          portal_ice_cave_entry_ice_simulacra, nrook_loot_triangle,
          kennysheep_just_a_vault
Temple:   sentei_temple_godly_chess
IceCv:    ice_cave_tombish

Skill      XL: |  1  2  3  4  5  6  7  8  9 10 11 |
---------------+----------------------------------+-----
Throwing       | 2 4 |  4.0
Long Blades    | 3 4 5 7 8 9 |  9.7
Stealth        | 1 2 4 |  4.0
Armour         | 1 2 |  2.0
Evocations     | 2 |  2.0
Dodging        | 3 4 5 8 |  8.0
Fighting       | 4 7 8 |  8.0
Short Blades   | 1 5 8 |  8.5
Necromancy     | 1 |  1.4
Shields        | 1 |  1.6

Action                     |  1- 3 |  4- 6 |  7- 9 | 10-12 || total
---------------------------+-------+-------+-------+-------++-------
  Melee: Long sword        |    54 |       |       |       ||    54
         Tailslap          |     7 |    20 |    55 |    37 ||   119
         Short sword       |    57 |   167 |   283 |       ||   507
         Punch             |       |       |     2 |     3 ||     5
         Scimitar          |       |       |    36 |   259 ||   295
         Quarterstaff      |       |       |       |     4 ||     4
  Throw: Dart              |       |    17 |    28 |     5 ||    50
         Throwing net      |       |     1 |     1 |       ||     2
         Stone             |       |       |    12 |       ||    12
         Boomerang         |       |       |    18 |       ||    18
         Javelin           |       |       |     1 |       ||     1
  Evoke: Wand              |       |       |     1 |     3 ||     4
    Use: Scroll            |     4 |     4 |     6 |     9 ||    23
         Potion            |     3 |     1 |     4 |     3 ||    11
   Stab: Held in net/web   |       |     1 |       |       ||     1
         Distracted        |       |       |     1 |       ||     1
 Armour: Leather armour    |     6 |       |       |       ||     6
         Scale mail        |    23 |    23 |       |       ||    46
         Chain mail        |       |    84 |   238 |   144 ||   466
         Robe              |       |       |       |    20 ||    20
  Dodge: Dodged            |    67 |    60 |   169 |   176 ||   472
  Block: Kite shield       |       |       |       |    55 ||    55

Table legend: (Time is in decaauts)
 A = Elapsed time spent in this place.
 B = Non-inter-level travel time spent in this place.
 C = Inter-level travel time spent in this place.
 D = Time resting spent in this place.
 E = Time spent auto-exploring this place.
 F = Levels seen in this place.
 G = Mean time per level.
                   A        B        C        D        E       F      G
               +--------+--------+--------+--------+--------+-----+--------+
         Total |  10774 |   9345 |   1429 |   1503 |   5220 |  13 |  828.8 |
       Dungeon |  10700 |   9271 |   1429 |   1503 |   5220 |  11 |  972.7 |
        Temple |     19 |     19 |      0 |      0 |      0 |   1 |   19.0 |
      Ice Cave |     54 |     54 |      0 |      0 |      0 |   1 |   54.0 |
               +--------+--------+--------+--------+--------+-----+--------+

Top non-repeatable levels by time:
     D:9: 1762 daAuts
     D:1: 1512 daAuts
     D:6: 1509 daAuts
     D:5: 1160 daAuts
     D:4: 910 daAuts
    D:10: 843 daAuts
     D:3: 754 daAuts
     D:8: 738 daAuts
     D:7: 714 daAuts
     D:2: 609 daAuts
    D:11: 183 daAuts
   IceCv: 54 daAuts
  Temple: 19 daAuts
